[Event "Late-Titled-Tuesday-Blitz-April-16-2024"]
[Site "Chess.com"]
[Date "2024.04.16"]
[Round "9"]
[White "CarlosjPineror"]
[Black "XDPS"]
[Result "1-0"]
[WhiteElo "2710"]
[BlackElo "2813"]
[TimeControl "180+1"]
[EndTime "15:42:43 PDT"]
[Termination "CarlosjPineror won on time"]

1. e4 c5 2. Nf3 d6 3. d4 cxd4 4.
Nxd4 Nf6 5. Nc3 a6 6. Bg5 Nbd7 7.
Qe2 Qc7 8. O-O-O b5 9. f4 e5 10. Nf5 h6 11. Bh4 exf4 12. Qd2 g5 13. Bf2 Bb7 14. Kb1 Nc5 15. Bd4 Be7 16. Nd5 Nxd5 17. exd5 Rh7 18. Re1 f6 19. Bxf6 O-O-O 20. Nxe7+ Kb8 21.
Nc6+ Bxc6 22. Bxd8 Qxd8 23. dxc6 Kc7 24. Bd3 Rf7 25.
Be4 Kb6 26. Bd5 Rf6 27. Qd4 Kc7 28. b4 Na4 29. Qa7+ 1-0

[Event "Late-Titled-Tuesday-Blitz-April-16-2024"]
[Site "Chess.com"]
[Date "2024.04.16"]
[Round "9"]
[White "Fjal"]
[Black "Fengwi"]
[Result "1-0"]
[WhiteElo "2334"]
[BlackElo "2440"]
[TimeControl "180+1"]
[EndTime "15:42:49 PDT"]
[Termination "Fjal won on time"]

1. Nf3 g6 2. g3 Bg7 3. Bg2 e5 4. d3 d5 5. O-O Ne7 6. e4 Nbc6 7. Nc3 O-O 8. exd5 Nxd5 9. Nxd5 Qxd5 10. Re1 Qd6 11. Bd2 Bg4 12. Bc3 Rae8 13. h3 Bc8 14.
Qd2 f5 15. Re2 Nd4 16. Bxd4 exd4 17. Rae1 Rxe2 18. Rxe2 c5 19. Qa5 Qb6 20. Qxb6 axb6 21. Ng5 Bf6 22. Ne6 Re8 23. Nf4 Rxe2 24. Nxe2 Be5 25.
Bd5+ Kf8 26. Kg2 Ke7 27. Kf3 Kd6 28. Bg8 h6 29. Nf4 g5 30. Ng6 Bf6 31. Bf7 Bd7 32. Kg2 Bc6+ 33. f3 g4 34. hxg4 fxg4 35. Kf2 1-0

[Event "Late-Titled-Tuesday-Blitz-April-16-2024"]
[Site "Chess.com"]
[Date "2024.04.16"]
[Round "9"]
[White "Chempiblinka"]
[Black "ACollins05"]
[Result "1-0"]
[WhiteElo "2392"]
[BlackElo "2506"]
[TimeControl "180+1"]
[EndTime "15:42:52 PDT"]
[Termination "Chempiblinka won by resignation"]

1. d4 b5 2. e4 a6 3. Bd3 Bb7 4. Nf3 e6 5. Qe2 c5 6. c3 d6 7.
a4 c4 8. Bc2 Nd7 9. O-O Ngf6 10. Na3 Be7 11. Bg5 Qb6 12. e5 dxe5 13. dxe5 Nd5 14.
Bxe7 Nxe7 15. Rad1 Nc5 16. Rd6 Qa5 17. Nd4 Nxa4 18.
Qg4 O-O 19. Bxa4 bxa4 20. Rd7 Qxe5 21. Rxb7 Ng6 22. Nxc4 Qd5 23. Rb4 Rfc8 24. Nb6 Qa5 25. Nxa8 Rxa8 26. Qe4 Rd8 27. Nc6 Qd5 28. Nxd8 Qxd8 29.
Rxa4 Ne7 30. Rxa6 Nd5 31. Qa4 Nb6 32. Qa5 1-0

[Event "Late-Titled-Tuesday-Blitz-April-16-2024"]
[Site "Chess.com"]
[Date "2024.04.16"]
[Round "9"]
[White "kripri"]
[Black "zano2023"]
[Result "0-1"]
[WhiteElo "2395"]
[BlackElo "2202"]
[TimeControl "180+1"]
[EndTime "15:42:53 PDT"]
[Termination "zano2023 won by resignation"]

1. e4 e5 2. Nf3 d6 3. d4 f5 4. dxe5 fxe4 5. Ng5 d5 6. c4 Bb4+ 7. Bd2 e3 8. Bxb4 exf2+ 9. Kxf2 Qxg5 10. Qxd5 Nc6 11. Bc3 Nge7 12. Qe4 O-O+ 13. Kg1 Bf5 14. Qe1 Bh3 15. Nd2 Bf5 16. Nf3 Qh5 17. Qe3 h6 18. Be2 Qf7 19. Rf1 Rad8 20. Nh4 Qe6 21. h3 Bh7 22. Kh2 Nf5 23. Nxf5 Bxf5 24. g4 Bg6 25. b3 Rfe8 26. Bf3 Nxe5 27. Bd5 Rxd5 28.
cxd5 Nxg4+ 29. hxg4 Qxe3 30. Bb4 Qe5+ 31. Kg1 Qd4+ 32.
Kg2 Be4+ 33. Kg3 Qxb4 34. Re1 Qc3+ 35. Kf4 Qe5+ 36. Ke3 Bxh1+ 0-1

[Event "Late-Titled-Tuesday-Blitz-April-16-2024"]
[Site "Chess.com"]
[Date "2024.04.16"]
[Round "9"]
[White "Binary010"]
[Black "GlavkonVVS"]
[Result "1-0"]
[WhiteElo "2780"]
[BlackElo "2609"]
[TimeControl "180+1"]
[EndTime "15:42:54 PDT"]
[Termination "Binary010 won by resignation"]

1. d4 Nf6 2. c4 c5 3. d5 e6 4. Nc3 exd5 5. cxd5 d6 6. e4 g6 7. f4 Bg7 8. Bb5+ Nfd7 9. Nf3 O-O 10. O-O Na6 11. Kh1 Nc7 12. Bd3 Re8 13. a4 a6 14. Qe1 Rb8 15. Qg3 b5 16. axb5 axb5 17. f5 c4 18. Bc2 b4 19. Na4 Nb5 20. Bg5 Qc7 21. Qh4 f6 22. Bh6 g5 23. Qh5 Bb7 24. h4 g4 25. Qxg4 Ne5 26. Nxe5 dxe5 27. Nc5 Kh8 28. Ne6 Rxe6 29. Bxg7+ Qxg7 30. Qxg7+ Kxg7 31. fxe6 Nd4 32. Ba4 Nxe6 33. dxe6 Bxe4 34. e7 Bg6 35. Rac1 Bf7 36. Rfd1 1-0

[Event "Late-Titled-Tuesday-Blitz-April-16-2024"]
[Site "Chess.com"]
[Date "2024.04.16"]
[Round "9"]
[White "Guriempire"]
[Black "HansOnTwitch"]
[Result "1-0"]
[WhiteElo "2865"]
[BlackElo "3145"]
[TimeControl "180+1"]
[EndTime "15:43:02 PDT"]
[Termination "Guriempire won by resignation"]

1. e4 c5 2. Nf3 d6 3. d4 cxd4 4.
Nxd4 Nf6 5. Nc3 a6 6. Bg5 Nbd7 7.
Qe2 b5 8. O-O-O Bb7 9. Bxf6 Nxf6 10. e5 b4 11. exf6 bxc3 12. fxe7 cxb2+ 13. Kb1 Bxe7 14. Nf5 O-O 15. Qxe7 Qb6 16. Qg5 g6 17. Bd3 Rfe8 18.
h4 Re5 19. h5 Bd5 20. c4 Rxf5 21. Bxf5 Bxc4 22. Rh3 Rb8 23. hxg6 fxg6 24. Bxg6 hxg6 25. Qxg6+ Kf8 26. Rh8+ Ke7 27. Rh7+ 1-0

[Event "Late-Titled-Tuesday-Blitz-April-16-2024"]
[Site "Chess.com"]
[Date "2024.04.16"]
[Round "9"]
[White "ReadySkate"]
[Black "Abund"]
[Result "0-1"]
[WhiteElo "2639"]
[BlackElo "2803"]
[TimeControl "180+1"]
[EndTime "15:43:02 PDT"]
[Termination "Abund won by resignation"]

1. d4 d5 2. c4 e6 3. Nc3 Nf6 4.
cxd5 exd5 5. Bg5 c6 6. Qc2 h6 7. Bh4 Be7 8. e3 O-O 9. Bd3 Ne8 10. Bxe7 Qxe7 11. Nge2 Nd6 12. O-O Be6 13. Rae1 Nd7 14. Qd2 c5 15. Kh1 Rac8 16. dxc5 Nxc5 17. Nd4 Nc4 18.
Bxc4 dxc4 19. Rd1 Rfd8 20. Qe2 a6 21. Nb1 b5 22. Qf3 Bd5 23. Nf5 Bxf3 24. Nxe7+ Kf8 25. Nxc8 Bxd1 26. Nc3 Bc2 27. Nb6 b4 28. Ncd5 Nd3 29.
e4 Nxb2 30. Nxb4 Bxe4 31. f3 a5 32. Na6 Bd3 33. Rc1 c3 34. Nc5 c2 35. Nbd7+ Ke7 36. Ne5 Bb5 37. Rg1 a4 38. Ncd3 Nxd3 0-1

[Event "Late-Titled-Tuesday-Blitz-April-16-2024"]
[Site "Chess.com"]
[Date "2024.04.16"]
[Round "9"]
[White "Polish_fighter3000"]
[Black "xasid81"]
[Result "1-0"]
[WhiteElo "3093"]
[BlackElo "2663"]
[TimeControl "180+1"]
[EndTime "15:43:03 PDT"]
[Termination "Polish_fighter3000 won by resignation"]

1. d4 d5 2. c4 c6 3. Nf3 Nf6 4. g3 e6 5. Bg2 Nbd7 6. Nbd2 Be7 7. O-O O-O 8. Qc2 b6 9. b3 Bb7 10. Bb2 Rc8 11. e4 dxe4 12. Nxe4 Nxe4 13. Qxe4 Nf6 14.
Qe2 Qc7 15. Rfe1 Rfe8 16. Rad1 c5 17. d5 exd5 18. Bxf6 gxf6 19. Nh4 Bf8 20. Qg4+ Kh8 21. Bxd5 Rxe1+ 22. Rxe1 Bxd5 23. cxd5 Rd8 24. Qf3 Qd6 25. Rd1 Qe5 26. Qd3 f5 27. Nxf5 b5 28. Ne3 a6 29. Kg2 Bg7 30. h4 h5 31. d6 Rd7 32.
Nf5 Bf8 33. Qf3 Kg8 34. Rd5 Qh8 35. Rxc5 1-0

[Event "Late-Titled-Tuesday-Blitz-April-16-2024"]
[Site "Chess.com"]
[Date "2024.04.16"]
[Round "9"]
[White "djano"]
[Black "emeli_chess"]
[Result "1-0"]
[WhiteElo "2621"]
[BlackElo "2468"]
[TimeControl "180+1"]
[EndTime "15:43:03 PDT"]
[Termination "djano won by resignation"]

1. e4 e5 2. Nf3 Nc6 3. d4 exd4 4. Bc4 Nf6 5. O-O Nxe4 6. Nc3 Nxc3 7. bxc3 d5 8. Bb5 Be7 9. Nxd4 Bd7 10. Qh5 O-O 11.
Bd3 g6 12. Qxd5 Nxd4 13. cxd4 Bc6 14. Qxd8 Raxd8 15. Be3 Rfe8 16. c3 Ba3 17. Rab1 b6 18. Bb5 Bxb5 19. Rxb5 f5 20. g3 Bd6 21. Kg2 Re4 22. Kf3 Rde8 23. a4 a5 24. Rc1 h5 25.
c4 h4 26. c5 bxc5 27. dxc5 Be5 28. Rxa5 hxg3 29. hxg3 Bd4 30. Bxd4 Rxd4 31. Rc3 Ree4 32. Ra8+ Kf7 33. a5 Ra4 34. Ra7 Kf6 35. c6 g5 36.
Rxc7 g4+ 37. Kg2 Rxa5 38. Rc8 Ra2 39. Rf8+ Kg5 40. c7 Ree2 41. Rxf5+ Kxf5 42. c8=Q+ Kg5 43. Rc5+ Kf6 44. Qf5+ Ke7 45. Rc7+ 1-0

[Event "Late-Titled-Tuesday-Blitz-April-16-2024"]
[Site "Chess.com"]
[Date "2024.04.16"]
[Round "9"]
[White "FabianoCaruana"]
[Black "artin10862"]
[Result "1-0"]
[WhiteElo "3087"]
[BlackElo "2938"]
[TimeControl "180+1"]
[EndTime "15:43:10 PDT"]
[Termination "FabianoCaruana won on time"]

1. c4 Nf6 2. Nc3 e6 3. d4 d5 4. cxd5 Nxd5 5. e4 Nxc3 6. bxc3 c5 7. Rb1 Be7 8. h4 b6 9. h5 O-O 10. h6 g6 11. Nf3 Bb7 12. Bd3 Nc6 13. Be3 cxd4 14.
cxd4 Nb4 15. O-O Nxd3 16. Qxd3 f5 17. Qb3 Bxe4 18. Qxe6+ Kh8 19. Bf4 Bf6 20. Rbc1 Bxf3 21. gxf3 Qxd4 22. Be3 Qe5 23. Qxe5 Bxe5 24. Rfe1 Rfe8 25.
Bg5 Kg8 26. Kg2 Kf7 27. Rxe5 Rxe5 28. Rc7+ Ke6 29. Re7+ Kd5 30. Rxh7 f4 31. Bxf4 Rf5 32. Be3 g5 33. Rg7 Raf8 34. h7 Rh8 35. Rxa7 Ke6 36.
Bd4 Re5 37. Bxe5 Kxe5 38. Kg3 Kf5 39. Rb7 Kg6 40. a4 1-0

[Event "Late-Titled-Tuesday-Blitz-April-16-2024"]
[Site "Chess.com"]
[Date "2024.04.16"]
[Round "9"]
[White "RebecaJimnz"]
[Black "lluiss"]
[Result "1-0"]
[WhiteElo "2263"]
[BlackElo "2113"]
[TimeControl "180+1"]
[EndTime "15:43:14 PDT"]
[Termination "RebecaJimnz won by resignation"]

1. e4 c5 2. Nc3 d6 3. g3 Nc6 4.
Bg2 g6 5. d3 Bg7 6. Be3 Rb8 7.
Qd2 b5 8. Nge2 b4 9. Nd1 Qb6 10. O-O h5 11. h3 e6 12. f4 Nge7 13. Kh2 a5 14. c3 Ba6 15. f5 gxf5 16. exf5 Nxf5 17.
Rxf5 exf5 18. Bf4 Ne5 19. d4 Bxe2 20. dxe5 Bxd1 21. Rxd1 dxe5 22. Qd7+ Kf8 23. Bd5 Qf6 24. Bg5 Qg6 25. Be7+ Kg8 26. Rf1 f4 27. gxf4 exf4 28. Bd6 Qg3+ 29. Kh1 Qxh3+ 30. Qxh3 1-0

[Event "Late-Titled-Tuesday-Blitz-April-16-2024"]
[Site "Chess.com"]
[Date "2024.04.16"]
[Round "9"]
[White "Zhigalko_Sergei"]
[Black "volcanoexplorer"]
[Result "1-0"]
[WhiteElo "2910"]
[BlackElo "2641"]
[TimeControl "180+1"]
[EndTime "15:43:16 PDT"]
[Termination "Zhigalko_Sergei won by resignation"]

1. e4 e5 2. Nf3 Nc6 3. Bc4 Bc5 4. b4 Bxb4 5. c3 Be7 6. d4 Na5 7. Bd3 d6 8. dxe5 dxe5 9. Nxe5 Nf6 10. O-O O-O 11.
Qc2 c5 12. Nd2 Qc7 13. f4 Bd6 14. Ndc4 b5 15. Nxd6 Qxd6 16. Be3 c4 17. Be2 Bb7 18. Bf3 Rfd8 19. Rad1 Qe7 20. Bd4 Nc6 21. Nxc6 Bxc6 22. Rde1 Nd7 23. e5 Rac8 24. f5 Qg5 25. e6 Nf6 26. Qe2 Re8 27. Bxc6 Rxc6 28. Bxf6 1-0

[Event "Late-Titled-Tuesday-Blitz-April-16-2024"]
[Site "Chess.com"]
[Date "2024.04.16"]
[Round "9"]
[White "AlainBruxelles"]
[Black "kleber2007"]
[Result "1-0"]
[WhiteElo "2392"]
[BlackElo "2514"]
[TimeControl "180+1"]
[EndTime "15:43:18 PDT"]
[Termination "AlainBruxelles won by resignation"]

1. e4 c6 2. d4 d5 3. exd5 cxd5 4. c4 Nf6 5. Nc3 g6 6. Bg5 Bg7 7. Bxf6 Bxf6 8. Nxd5 Bg7 9. h3 Nc6 10. Nf3 e6 11. Nc3 Nxd4 12. Nxd4 Qxd4 13. Qxd4 Bxd4 14. Rc1 Bd7 15. Be2 Bc6 16. O-O O-O-O 17. Rfd1 f5 18. b3 a6 19. Kf1 Kc7 20. Nb5+ axb5 21. cxb5 Kb6 22. bxc6 bxc6 23. Bf3 c5 24. Rc4 e5 25.
Rdc1 e4 26. Be2 Ra8 27. a4 Rhc8 28. b4 cxb4 29. Rxc8 Rxa4 30. Bc4 Bc3 31. Bg8 Ra7 32. R8xc3 bxc3 33. Rxc3 Rg7 34. Bb3 Kb5 35. Bd5 Kb4 36. Rc4+ Kb5 37. Rc1 Re7 38. Ke2 Re5 39. Bg8 Re7 40.
g3 Rg7 41. Ba2 h6 42. Ke3 g5 43. Be6 f4+ 44. gxf4 gxf4+ 45. Kxf4 Rg6 46. Bg4 Rf6+ 47. Ke3 1-0

[Event "Late-Titled-Tuesday-Blitz-April-16-2024"]
[Site "Chess.com"]
[Date "2024.04.16"]
[Round "9"]
[White "Giantgoogachess"]
[Black "Veleamater"]
[Result "1/2-1/2"]
[WhiteElo "2297"]
[BlackElo "2421"]
[TimeControl "180+1"]
[EndTime "15:43:20 PDT"]
[Termination "Game drawn by repetition"]

1. d4 d6 2. e4 g6 3. Nc3 Bg7 4. Be3 a6 5. Qd2 Nf6 6. Be2 Nc6 7. Nf3 h5 8. h3 b5 9. O-O O-O 10. a3 Bb7 11. e5 dxe5 12. dxe5 Nh7 13. Qxd8 Raxd8 14. e6 f5 15. Rad1 Ne5 16. Nxe5 Bxe5 17.
f4 Bg7 18. Kf2 Nf6 19. Bf3 Bc8 20. Bc5 Rxd1 21. Rxd1 Re8 22. a4 b4 23. Bxb4 Bxe6 24.
Bc5 Ne4+ 25. Nxe4 fxe4 26. Bxe4 Kf7 27. b3 Bf6 28. Bd5 Bxd5 29. Rxd5 Ke6 30. Rd3 c6 31. Kf3 Rb8 32. Bd4 Rb7 33. g4 hxg4+ 34. hxg4 Bxd4 35.
Rxd4 c5 36. Rd1 c4 37. bxc4 Rb4 38. c5 Rxa4 39. Rb1 Rc4 40. Rb6+ Kf7 41. c6 a5 42. Ra6 Rxc2 43. Rxa5 Rxc6 44. f5 Rc3+ 45. Kf4 Rc4+ 46. Kg5 gxf5 47. gxf5 Rc1 48. Kf4 Rf1+ 49. Ke5 Re1+ 50.
Kf4 Kf6 51. Ra6+ Kf7 52. Rb6 Rf1+ 53. Ke5 Re1+ 54. Kd5 Re2 55. Rc6 Kg7 56. Re6 Rd2+ 57. Ke5 Kf7 58. Ra6 Re2+ 59. Kf4 Rf2+ 60. Kg5 Rf1 61.
Rb6 Rg1+ 62. Kf4 Rf1+ 63. Ke5 Re1+ 64. Kf4 Re2 65. Ra6 Re1 66. Rc6 Rf1+ 67. Ke4 Re1+ 68. Kd5 Re2 69. Ra6 Re1 70. Rb6 Re2 71. Ra6 Re1 72. Rb6 1/2-1/2

[Event "Late-Titled-Tuesday-Blitz-April-16-2024"]
[Site "Chess.com"]
[Date "2024.04.16"]
[Round "9"]
[White "Gabrielian_Artur"]
[Black "DonkyDonkyDonkey"]
[Result "1-0"]
[WhiteElo "2808"]
[BlackElo "2900"]
[TimeControl "180+1"]
[EndTime "15:43:21 PDT"]
[Termination "Gabrielian_Artur won by resignation"]

1. e4 c5 2. Nf3 d6 3. d4 cxd4 4. Nxd4 Nf6 5. Nc3 a6 6. Bd3 g6 7. Be2 Bg7 8. Be3 O-O 9. Qd2 Nc6 10. O-O d5 11. exd5 Nxd5 12. Nxd5 Nxd4 13. Bxd4 Qxd5 14. Rfd1 Rd8 15. Bf3 Qb5 16. Qc3 e5 17. Be3 Rxd1+ 18.
Rxd1 Be6 19. a4 Qxa4 20. Bxb7 Rb8 21. Qc7 Rf8 22. b3 Qa2 23. h3 Bf5 24. Rc1 a5 25. Bd5 Qb2 26. Qxa5 e4 27. Qc5 Bf6 28. Rd1 Kg7 29.
Bd4 Bxd4 30. Qxd4+ Qxd4 31. Rxd4 e3 32. fxe3 Bxc2 33.
b4 Ra8 34. Bxa8 1-0

[Event "Late-Titled-Tuesday-Blitz-April-16-2024"]
[Site "Chess.com"]
[Date "2024.04.16"]
[Round "9"]
[White "ChessSwole"]
[Black "vova-79"]
[Result "1-0"]
[WhiteElo "2678"]
[BlackElo "2535"]
[TimeControl "180+1"]
[EndTime "15:43:21 PDT"]
[Termination "ChessSwole won by checkmate"]

1. d4 d5 2. Nf3 Nf6 3. Bf4 c5 4. e3 Nc6 5. Nbd2 cxd4 6. exd4 Bg4 7. h3 Bxf3 8. Nxf3 e6 9. c3 Bd6 10. Bxd6 Qxd6 11. Bd3 O-O 12. O-O Rab8 13. Qe2 Qc7 14. Ne5 Nxe5 15. dxe5 Nd7 16. Rae1 Rfd8 17. f4 Nc5 18. Bc2 d4 19. cxd4 Rxd4 20. f5 exf5 21. Bxf5 Re8 22. Qf2 Qd8 23. e6 fxe6 24. Bxe6+ Nxe6 25. Qf7+ Kh8 26. Rxe6 Rg8 27. Qxb7 Rd7 28. Qe4 Rd2 29.
Qe5 Qa8 30. Rf2 Rxf2 31. Kxf2 Rf8+ 32. Kg1 Qd8 33. Re7 Qb6+ 34. Kh2 Rg8 35. b3 h6 36.
Re6 Qb8 37. Rxh6# 1-0

[Event "Late-Titled-Tuesday-Blitz-April-16-2024"]
[Site "Chess.com"]
[Date "2024.04.16"]
[Round "9"]
[White "LiemLe"]
[Black "Byniolus"]
[Result "1-0"]
[WhiteElo "3051"]
[BlackElo "2836"]
[TimeControl "180+1"]
[EndTime "15:43:25 PDT"]
[Termination "LiemLe won on time"]

1. Nf3 d5 2. e3 c6 3. c4 Nf6 4. Nc3 Bg4 5. cxd5 Bxf3 6. gxf3 cxd5 7. Qb3 Qd7 8. d4 e6 9. Bd2 Nc6 10. Rc1 Bd6 11. Na4 Rb8 12. Nc5 Qe7 13. Bb5 O-O 14.
Qa4 e5 15. Bxc6 bxc6 16. dxe5 Bxe5 17. b3 Bd6 18. Na6 Rb6 19. Rxc6 d4 20. Rxb6 dxe3 21. Rc6 exd2+ 22. Kxd2 Nd5 23. Re1 Qg5+ 24. Kc2 Bxh2 25. Qe4 Nf6 26. Qd3 h5 27. Nc5 Nd5 28. a3 Nf4 29.
Qe4 h4 30. Nd3 Ng6 31. Rc5 Qg2 32. Qg4 Qxg4 33. fxg4 Bd6 34. Rc6 Bxa3 35. b4 Rb8 36.
Kc3 a5 37. bxa5 1-0

[Event "Late-Titled-Tuesday-Blitz-April-16-2024"]
[Site "Chess.com"]
[Date "2024.04.16"]
[Round "9"]
[White "JaackCamel"]
[Black "dianamirza"]
[Result "0-1"]
[WhiteElo "2224"]
[BlackElo "1964"]
[TimeControl "180+1"]
[EndTime "15:43:25 PDT"]
[Termination "dianamirza won on time"]

1. d4 Nf6 2. c4 d6 3. Nf3 g6 4.
Nc3 Bg7 5. e4 O-O 6. Be2 c5 7.
d5 Bd7 8. O-O Na6 9. h3 Nc7 10.
Re1 Rb8 11. a4 a6 12. Bf4 b5 13. axb5 axb5 14. b3 bxc4 15. bxc4 Nh5 16. Bd2 e6 17.
Rc1 exd5 18. exd5 Na6 19. Ng5 Nf6 20. Bf4 Bc8 21. Nb5 Ne8 22. Ne4 Be5 23. Qd2 f5 24.
Ng5 Nf6 25. Bf3 h6 26. Ne6 Bxe6 27. dxe6 Bxf4 28. Qxf4 Qe7 29. Qxh6 Qg7 30. Qg5 Ne8 31. Rcd1 Nb4 32. Bd5 Kh8 33. Qh4+ Qh7 0-1

[Event "Late-Titled-Tuesday-Blitz-April-16-2024"]
[Site "Chess.com"]
[Date "2024.04.16"]
[Round "9"]
[White "Sjakkerntobi"]
[Black "Meri-Arabidze"]
[Result "0-1"]
[WhiteElo "2519"]
[BlackElo "2655"]
[TimeControl "180+1"]
[EndTime "15:43:26 PDT"]
[Termination "Meri-Arabidze won by checkmate"]

1. e4 c5 2. Nf3 e6 3. d4 cxd4 4. Nxd4 Nc6 5. Nc3 a6 6. a3 Qc7 7. Be3 Nf6 8. f4 d6 9. Qf3 Be7 10. Be2 Bd7 11. Nb3 O-O 12. g4 d5 13. e5 Ne8 14.
O-O-O b5 15. Bd3 b4 16. Qh3 g6 17. axb4 Nxb4 18. f5 Nxd3+ 19. Rxd3 Bb5 20. Nxb5 axb5 21. Bh6 Qxe5 22. Bxf8 Bxf8 23. fxe6 fxe6 24. Rdd1 Bg7 25. c3 b4 26. Rhe1 Qg5+ 27. Kb1 bxc3 28. Rxe6 cxb2 29.
Qf3 Nc7 30. Rc6 Nb5 31. Qd3 Na3+ 32. Ka2 Nc4+ 33. Kb1 Ra1+ 34. Kc2 Na3# 0-1

[Event "Late-Titled-Tuesday-Blitz-April-16-2024"]
[Site "Chess.com"]
[Date "2024.04.16"]
[Round "9"]
[White "manitodeplomo"]
[Black "KaydenTroffChess"]
[Result "0-1"]
[WhiteElo "2639"]
[BlackElo "2856"]
[TimeControl "180+1"]
[EndTime "15:43:27 PDT"]
[Termination "KaydenTroffChess won on time"]

1. d4 Nf6 2. c4 g6 3. Nc3 d5 4. Qa4+ c6 5. Bg5 Nbd7 6. cxd5 Nb6 7. Qb3 Nfxd5 8. e4 Nxc3 9. bxc3 Bg7 10. Nf3 O-O 11.
Be2 Be6 12. Qc2 h6 13. Bf4 Bc4 14. O-O c5 15. d5 Bxe2 16. Qxe2 Na4 17. Rac1 Nxc3 18.
Qe3 Nxa2 19. Rxc5 Qb6 20. Bxh6 Rac8 21. Rxc8 Rxc8 22. Qf4 Nc3 23. Qh4 Bxh6 24. Qxh6 Qf6 0-1

[Event "Late-Titled-Tuesday-Blitz-April-16-2024"]
[Site "Chess.com"]
[Date "2024.04.16"]
[Round "9"]
[White "BeanScreen"]
[Black "PotapovaM"]
[Result "1-0"]
[WhiteElo "2676"]
[BlackElo "2546"]
[TimeControl "180+1"]
[EndTime "15:43:29 PDT"]
[Termination "BeanScreen won by resignation"]

1. e4 c5 2. Nf3 d6 3. d4 cxd4 4. Nxd4 Nf6 5. Nc3 a6 6. Be3 e5 7. Nb3 Be7 8. h3 Be6 9. Qf3 O-O 10. O-O-O b5 11. g4 b4 12. Na4 h6 13. Nb6 Ra7 14.
Nd5 Rb7 15. Nc5 Bxd5 16. exd5 dxc5 17. d6 Bxd6 18. Qxb7 Qe7 19. Qxe7 Bxe7 20. g5 hxg5 21. Bxg5 Re8 22. Bc4 Nc6 23. Bxa6 Nd4 24. c3 Nf3 25.
Be3 bxc3 26. bxc3 Ne4 27. Bb7 f5 28. Bxe4 fxe4 29. Rd7 Bf6 30. Bxc5 Rc8 31. Bb4 Bh4 32. Rf1 Bg5+ 33. Kc2 Bf4 34. a4 g5 35. a5 Nd4+ 36. Kb2 Nc6 37. a6 Ra8 38. Ra1 e3 39. fxe3 Bxe3 40. Rd6 Nxb4 41. cxb4 1-0

[Event "Late-Titled-Tuesday-Blitz-April-16-2024"]
[Site "Chess.com"]
[Date "2024.04.16"]
[Round "9"]
[White "kleinebeer98"]
[Black "Hikaru"]
[Result "0-1"]
[WhiteElo "2907"]
[BlackElo "3292"]
[TimeControl "180+1"]
[EndTime "15:43:30 PDT"]
[Termination "Hikaru won by resignation"]

1. e4 e5 2. Nf3 Nc6 3. d4 exd4 4. Bc4 Nf6 5. e5 d5 6. Bb5 Ne4 7. Nxd4 Bd7 8. Bxc6 bxc6 9. O-O c5 10. Nb3 c6 11.
f3 Ng5 12. f4 Ne4 13. N1d2 Nxd2 14. Bxd2 c4 15. Nd4 c5 16. Ne2 d4 17. f5 g6 18. e6 fxe6 19. fxe6 Bc6 20. Ng3 Qd5 21.
Qe2 O-O-O 22. Rae1 Be7 23. Rf7 Rhe8 24. b3 d3 25.
cxd3 cxd3 26. Qf2 Rd6 27. Rf3 Bd8 28. Rc1 Bb6 29. Be3 Rdxe6 30. Nf1 d2 31. Rd1 Qh5 32.
Bf4 c4 33. Be3 Rxe3 34. Nxe3 Bxe3 0-1

[Event "Late-Titled-Tuesday-Blitz-April-16-2024"]
[Site "Chess.com"]
[Date "2024.04.16"]
[Round "9"]
[White "Mariia89"]
[Black "jinxy2009"]
[Result "0-1"]
[WhiteElo "2225"]
[BlackElo "2307"]
[TimeControl "180+1"]
[EndTime "15:43:30 PDT"]
[Termination "jinxy2009 won on time"]

1. d4 Nf6 2. Nf3 g6 3. c4 Bg7 4.
Nc3 d5 5. Bg5 O-O 6. e3 Ne4 7.
cxd5 Nxg5 8. Nxg5 e6 9. Nf3 exd5 10. Be2 Bf5 11. O-O c6 12. b4 Nd7 13. a4 Nb6 14.
Qb3 Be6 15. Rfc1 Nc4 16. h3 h6 17. Qa2 Qe7 18. Rab1 a6 19. a5 Rae8 20. Na4 f5 21. Nc5 Bf7 22. Bf1 g5 23. Nd3 g4 24. hxg4 fxg4 25.
Nd2 g3 26. Nxc4 dxc4 27. Ne5 Bxe5 28. dxe5 Qxe5 29. Bxc4 gxf2+ 30. Qxf2 Bxc4 31. Qd2 Bd5 32. Rc3 Qe4 33. Rb2 Rf7 34. Rc1 Ref8 35. Re1 Rg7 36.
Rf1 Rxf1+ 37. Kxf1 Rxg2 38. Qxg2+ Qxg2+ 39. Rxg2+ Bxg2+ 40. Kxg2 Kf7 41. Kg3 Ke6 42. Kf4 h5 43. e4 h4 0-1

[Event "Late-Titled-Tuesday-Blitz-April-16-2024"]
[Site "Chess.com"]
[Date "2024.04.16"]
[Round "9"]
[White "Kimkibo"]
[Black "MathiasWomacka"]
[Result "0-1"]
[WhiteElo "2382"]
[BlackElo "2503"]
[TimeControl "180+1"]
[EndTime "15:43:32 PDT"]
[Termination "MathiasWomacka won by resignation"]

1. d4 Nf6 2. Nf3 e6 3. Bf4 c5 4. e3 d5 5. c3 Bd6 6. Bg3 O-O 7. Nbd2 Qc7 8. Bd3 Nbd7 9. Qe2 e5 10. dxe5 Nxe5 11.
Nxe5 Bxe5 12. O-O-O b5 13. Nf3 Bxg3 14. hxg3 Rb8 15.
g4 Bxg4 16. Rh4 h6 17. Rdh1 b4 18. c4 d4 19. e4 Rfe8 20. Qd2 Nxe4 21. Bxe4 Rxe4 22.
Ng5 Re2 23. Qd3 Qf4+ 24. Kb1 Qxg5 25. Ka1 Rxf2 26. Qg3 Rf4 27. b3 Re8 0-1

[Event "Late-Titled-Tuesday-Blitz-April-16-2024"]
[Site "Chess.com"]
[Date "2024.04.16"]
[Round "9"]
[White "Respectful_Dave"]
[Black "Slovineanu"]
[Result "1-0"]
[WhiteElo "2396"]
[BlackElo "2466"]
[TimeControl "180+1"]
[EndTime "15:43:33 PDT"]
[Termination "Respectful_Dave won by resignation"]

1. c4 e5 2. Nc3 Bb4 3. Nf3 Bxc3 4.
bxc3 Nc6 5. d4 d6 6. dxe5 dxe5 7. Qxd8+ Kxd8 8. Ba3 f6 9. g3 Be6 10. Nd2 Nge7 11. O-O-O Ke8 12. Bg2 Na5 13. Bb4 Nec6 14. Bd5 Kf7 15. Ne4 Nxc4 16. Bxc4 Bxc4 17. Rd7+ Kg6 18.
e3 Rhd8 19. Rhd1 Bxa2 20. Nc5 Rxd7 21. Rxd7 b6 22. Na6 Nxb4 23. cxb4 c5 24. Kb2 Bc4 25. Nc7 Rc8 26. bxc5 bxc5 27. Kc3 Be2 28. f4 exf4 29. exf4 h5 30. Ne6 Bg4 31. f5+ Bxf5 32.
Nf4+ Kh6 33. Rxa7 g5 34. Nd5 Rc6 35. Ne7 Bg6 36. Nxc6 1-0

[Event "Late-Titled-Tuesday-Blitz-April-16-2024"]
[Site "Chess.com"]
[Date "2024.04.16"]
[Round "9"]
[White "CMButgood"]
[Black "Agustin_Meza"]
[Result "1-0"]
[WhiteElo "2061"]
[BlackElo "2182"]
[TimeControl "180+1"]
[EndTime "15:43:33 PDT"]
[Termination "CMButgood won on time"]

1. e4 c5 2. Nf3 Nc6 3. d4 cxd4 4. Nxd4 e5 5. Nb5 d6 6. c4 a6 7. N5a3 g6 8. Nc3 Nge7 9. Be2 Bg7 10. O-O Be6 11.
Be3 O-O 12. f3 f5 13. Qd2 f4 14. Bf2 Nd4 15. Nc2 Nec6 16. Rfd1 Qe7 17. Nd5 Qf7 18. Nxd4 exd4 19. Rac1 Rac8 20. Nb6 Rc7 21. Nd5 Rcc8 22.
Nb6 Rce8 23. b4 g5 24. b5 axb5 25. cxb5 Ne5 26. a4 g4 27. Bxd4 gxf3 28. gxf3 Bh3 29. Kh1 Qh5 30. Rg1 Rf7 31. Bxe5 Rxe5 32. Nc4 Rc5 33. Nxd6 Rxc1 34. Qxc1 Rf8 35. Qc3 Qh6 36. Qc4+ Kh8 37. Nf7+ Rxf7 38. Qxf7 Be6 39. Qe8+ Bf8 40.
Qd8 Qh5 41. Qxf8+ 1-0

[Event "Late-Titled-Tuesday-Blitz-April-16-2024"]
[Site "Chess.com"]
[Date "2024.04.16"]
[Round "9"]
[White "TiagoMangialardo"]
[Black "expii"]
[Result "1-0"]
[WhiteElo "2072"]
[BlackElo "2192"]
[TimeControl "180+1"]
[EndTime "15:43:33 PDT"]
[Termination "TiagoMangialardo won by checkmate"]

1. e4 c5 2. Nf3 d6 3. Bb5+ Bd7 4. Bxd7+ Qxd7 5. O-O Nc6 6. c3 Nf6 7. Qe2 g6 8. d4 cxd4 9. cxd4 Bg7 10. Nc3 O-O 11. Bg5 h6 12. Bh4 g5 13. Bg3 Nh5 14. Rfd1 Nxg3 15.
hxg3 e6 16. d5 Ne5 17. Nd4 exd5 18. Nxd5 Nc6 19. Nf5 Rfe8 20. Qh5 Re6 21. f4 gxf4 22. Nxf4 Re5 23. Nxh6+ Bxh6 24. Qxh6 Qe7 25. Nh5 Re6 26.
Qg7# 1-0